 Dungeon Crawl Stone Soup version 0.29.1-1-gd02db6906a (webtiles) character file.

Game seed: 9816093140337208081

144 Colgate the Trooper (level 5, 0/46 HPs)
             Began as a Formicid Hunter on Sept 28, 2022.
             Was a Believer of Sif Muna.
             Slain by a gnoll
             ... wielding a +0 flail
             ... led by a gnoll bouda
              (7 damage)
             ... on level 3 of the Dungeon.
             The game lasted 00:14:46 (3162 turns).

Colgate the Trooper (Formicid Hunter)               Turns: 3162, Time: 00:14:47

Health: 0/46       AC:  4    Str: 15    XL:     5   Next: 52%
Magic:  5/5        EV: 12    Int:  9    God:    Sif Muna [**....]
Gold:   103        SH:  0    Dex: 19    Spells: 4/4 levels left

rFire   . . .      SeeInvis +   a - +0 shortbow
rCold   . . .      Faith    .   (no shield)
rNeg    . . .      Spirit   .   c - +0 leather armour
rPois   .          Reflect  .   (helmet unavailable)
rElec   .          Harm     .   (no cloak)
rCorr   .          Rampage  .   d - +0 pair of gloves
Will    .....                   (no boots)
Stlth   ++........              (no amulet)
HPRegen 0.15/turn               j - ring of wizardry
MPRegen 0.09/turn               (no ring)

@: no status effects
A: permanent stasis, dig shafts and tunnels, antennae 3, four strong arms
a: Dig, Shaft Self, Renounce Religion, Channel Magic


You were on level 3 of the Dungeon.
You worshipped Sif Muna.
Sif Muna was pleased with you.
You visited 1 branch of the dungeon, and saw 4 of its levels.

You collected 134 gold pieces.
You spent 31 gold pieces at shops.

Inventory:

Hand Weapons
 a - a +0 shortbow (weapon)
Missiles
 k - 3 datura-tipped darts
 o - 8 poisoned darts
Armour
 c - a +0 leather armour (worn)
 d - a +0 pair of gloves (worn)
Jewellery
 i - an amulet of faith
 j - a ring of wizardry (left hand)
Scrolls
 b - a scroll of immolation
 g - 4 scrolls of noise {unknown}
 h - a scroll of acquirement {unknown}
 l - 3 scrolls of teleportation {unknown}
 m - 4 scrolls of enchant weapon {unknown}
 p - a scroll of amnesia {unknown}
 q - a scroll of blinking {unknown}
 s - a scroll of brand weapon {unknown}
Potions
 e - 3 potions of mutation {unknown}
 f - 3 potions of curing {unknown}
 n - a potion of lignification {unknown}
 r - a potion of degeneration {unknown}
 t - a potion of brilliance {unknown}


   Skills:
 + Level 5.8 Fighting
 - Level 4.0 Ranged Weapons
 - Level 1.7 Dodging
 - Level 1.2 Stealth


You had 4 spell levels left.
You didn't know any spells.
Your spell library contained the following spells:

 Spells                   Type           Power      Damage    Failure   Level
 Summon Ice Beast         Ice/Summ       0%         N/A       86%         4
 Summon Mana Viper        Hex/Summ       0%         N/A       99%         5
 Monstrous Menagerie      Summ           0%         N/A       100%        7


Dungeon Overview and Level Annotations

Branches:
Dungeon (4/15)
 Temple: D:4-7

Altars:
Sif Muna

Shops:
D:3 [***

Annotations:
D:3 3 runed translucent doors phantom, NullDivider's ghost, amateur OpVM


Innate Abilities, Weirdness & Mutations

You cannot be hasted, slowed, berserked, paralysed or teleported.
You can dig through walls and to a lower floor.
You have a pair of large antennae on your head. (SInv)
Your four strong arms can wield two-handed weapons with a shield.


Message History

Fire: a) +0 shortbow
Aim: a gnoll, wielding a +0 flail (covering ground quickly, 69% to hit)
You shoot an arrow. The arrow barely misses the gnoll.
The gnoll hits you with a +0 flail. The gnoll closely misses you.
Fire: a) +0 shortbow
Aim: a gnoll, wielding a +0 flail (covering ground quickly, 69% to hit)
You shoot an arrow. The arrow completely misses the gnoll.
The gnoll hits you with a +0 flail. x2; The gnoll barely misses you.
The gnoll closely misses you.
Fire: a) +0 shortbow
Aim: a gnoll, wielding a +0 flail (covering ground quickly, 69% to hit)
You shoot an arrow. The arrow hits the gnoll.
The gnoll hits you with a +0 flail. The gnoll barely misses you.
Fire: a) +0 shortbow
Aim: a gnoll, wielding a +0 flail (lightly wounded, covering ground quickly, 69% to hit)
You shoot an arrow. The arrow hits the gnoll!
The gnoll hits you with a +0 flail. The gnoll barely misses you.
Fire: a) +0 shortbow
Aim: a gnoll, wielding a +0 flail (almost dead, covering ground quickly, 69% to hit)
You shoot an arrow. The arrow hits the gnoll.
You kill the gnoll!
Sif Muna accepts your kill. The gnoll hits you with a +0 flail!
* * * LOW HITPOINT WARNING * * *
The gnoll barely misses you.
Unknown command.
Fire: a) +0 shortbow
Aim: a gnoll, wielding a +0 flail (covering ground quickly, 69% to hit)
You shoot an arrow. The arrow hits the gnoll.
The gnoll closely misses you.
Fire: a) +0 shortbow
Aim: a gnoll, wielding a +0 flail (moderately wounded, covering ground quickly, 69% to hit)
You shoot an arrow. The arrow hits the gnoll!
The gnoll hits you with a +0 flail.
* * * LOW HITPOINT WARNING * * *
Fire: a) +0 shortbow
Aim: a gnoll, wielding a +0 flail (severely wounded, covering ground quickly, 69% to hit)
You shoot an arrow. The arrow closely misses the gnoll.
The gnoll closely misses you. The gnoll hits you with a +0 flail!
You die...

##.###.###.#.#..# #.##.#
####.## #.# #.# #.#.#..# #....#
#.## #.# #.# #.#.#..## ######
####.# #.# #.# #.#.....#
###....# #.###.###.###...#####
#......# #.#...##.#.##.......#
#......#
###'##..###.....###.#####+++###
#...#.#.#.##..g##....#.ZZWZZZ#
#...#)..>....)@##..####..!..##
#...#.##.###..)....# #.......#
#####.##.###.....#.# ##..[{.##
#..##...........# #..#.#..
#..####.........# #########
#..# ##.......#.# #####..#
#..#...###.### #...#..#
#.##...# #...# #.#....#
#.###.## ###.# ########


You could see a gnoll (swift).

Vanquished Creatures
  2 orc wizards (D:3)
  A gnoll (D:3)
  A white imp (D:3)
  An ufetubus (D:3)
  3 worms (D:2)
  4 orcs
  4 bats
  4 endoplasms
  6 hobgoblins
  4 jackals
  11 kobolds
  4 quokkas
  3 ball pythons
  4 goblins
  5 rats
57 creatures vanquished.

Notes
Turn   | Place    | Note
-------+----------+-------------------------------------------
     0 | D:1      | Colgate the Formicid Hunter began the quest for the Orb.
     0 | D:1      | Reached XP level 1. HP: 16/16 MP: 1/1
    49 | D:1      | Found a faded altar of an unknown god.
    61 | D:1      | Prayed at the altar of an unknown god.
    61 | D:1      | Became a worshipper of Sif Muna the Loreminder
    61 | D:1      | Reached * piety under Sif Muna
    74 | D:1      | Reached XP level 2. HP: 21/23 MP: 2/2
   134 | D:1      | Reached skill level 3 in Fighting
   619 | D:1      | Reached XP level 3. HP: 29/29 MP: 3/3
  1035 | D:2      | Reached skill level 4 in Fighting
  1173 | D:2      | Reached ** piety under Sif Muna
  1314 | D:2      | Reached XP level 4. HP: 38/38 MP: 4/4
  1755 | D:3      | Reached skill level 5 in Fighting
  1943 | D:3      | Reached XP level 5. HP: 40/44 MP: 5/5
  2078 | D:3      | Found Ismiw's Assorted Antiques.
  2213 | D:3      | Found Kesivyf's Assorted Antiques.
  2225 | D:3      | Found Upogasej's General Store.
  2332 | D:3      | Noticed a phantom
  2367 | D:3      | Found Jitauhacs's Armour Emporium.
  2422 | D:3      | Found a runed translucent gate.
  2424 | D:3      | Found a runed translucent gate.
  2424 | D:3      | Found a runed translucent gate.
  2427 | D:3      | Noticed NullDivider's ghost (amateur OpVM)
  2987 | D:4      | Noticed an ogre
  3138 | D:3      | Bought a scroll labelled UPUEWI HITIFIE for 31 gold pieces
  3162 | D:3      | Slain by a gnoll

Illustrated notes

Levels and vault maps discovered:
D:1:      nicolae_arrival_memento_mori, layout_basic, basic_ecumenical_altar
D:2:      layout_loops_ring
D:3:      layout_loops_ring, serial_shops, nicolae_square_shop, shop,
          shop_fountains, shop, gammafunk_ghost_necromancy, eino_tiny_chamber,
          lightli_corner_chamber
D:4:      minmay_chambers_of_threes, layout_cave_pools, minmay_quadrilaterals

Skill      XL: |  1  2  3  4 |
---------------+-------------+-----
Fighting       | 3 4 5 |  5.8
Ranged Weapons | |  4.0
Dodging        | |  1.7
Stealth        | |  1.2

Action                   |  1- 3 |  4- 6 || total
-------------------------+-------+-------++-------
 Fire: Shortbow          |    97 |    65 ||   162
 Abil: Dig               |     1 |     1 ||     2
Armor: Leather armour    |     7 |    11 ||    18
Dodge: Dodged            |    26 |    25 ||    51
